 Dungeon Crawl Stone Soup version 0.30.0-10-gfe55d96785 (webtiles) character file.

Game seed: 15043208385858455843

359 qw the Chopper (level 6, -2/38 HPs)
             Began as a Gargoyle Fighter on May 14, 2023.
             Slain by a gnoll
             ... wielding a +0 spear
             ... led by a gnoll bouda
              (4 damage)
             ... on level 4 of the Dungeon.
             The game lasted 00:01:25 (3143 turns).

qw the Chopper (Gargoyle Fighter)                   Turns: 3143, Time: 00:01:26

Health: -2/38      AC: 13    Str: 22    XL:     6   Next: 65%
Magic:  6/6        EV:  8    Int:  8    God:
Gold:   235        SH:  4    Dex:  9    Spells: 5/5 levels left

rFire   . . .        Y - +1 war axe
rCold   + . .        c - +0 buckler
rNeg    + . .        h - +0 chain mail
rPois   inf          (no helmet)
rElec   +            (no cloak)
rCorr   .            (no gloves)
SInv    .            (no boots)
Will    .....        (no amulet) Stlth
                     (no ring)
HPRegen 0.26/turn    (no ring)
MPRegen 0.10/turn

%: no passive effects
@: weakened
A: sickness immunity, AC +4, negative energy resistance 1, electricity
resistance, torment resistance 1, petrification resistance, cold resistance 1
a: no special abilities


You were on level 4 of the Dungeon.
You visited 1 branch of the dungeon, and saw 4 of its levels.

You collected 235 gold pieces.


Innate Abilities, Weirdness & Mutations

You are immune to sickness and miasma.
Your stone body is resilient. (AC +4)
You are immune to poison.
You resist negative energy. (rN+)
You are resistant to electric shocks. (rElec)
You are resistant to unholy torment.
You are immune to petrification.
Your flesh is cold resistant. (rC+)


   Skills:
 - Level 4.0 Fighting
 + Level 5.7 Axes
 - Level 1.1 Throwing
 - Level 3.2 Armour
 - Level 3.2 Shields


You had 5 spell levels left.
You didn't know any spells.
Your spell library was empty.

Inventory:

Hand Weapons
 f - a +0 flail
 Y - a +1 war axe (weapon)
Missiles
 k - a boomerang
 p - a boomerang of dispersal (quivered)
Armour
 c - a +0 buckler (worn)
 g - a +0 cloak
 h - a +0 chain mail (worn)
Scrolls
 b - 6 scrolls of identify
 o - a scroll of teleportation {unknown}
Potions
 a - a potion of mutation
 d - 4 potions of might
 e - a potion of lignification {unknown}
 i - a potion of haste {unknown}
 j - a potion of heal wounds {unknown}
 l - 2 potions of attraction
 m - a potion of ambrosia {unknown}
 n - a potion of degeneration {unknown}

Dungeon Overview and Level Annotations

Branches:
Dungeon (4/15)
 Temple: D:4-7

Altars:


Message History

The gnoll hits you from afar with a +0 spear.
You barely miss the gnoll bouda.
The gnoll bouda is severely wounded.
You hit the gnoll. The gnoll barely misses you.
The gnoll bouda mumbles some strange prayers to its god.
The gnoll bouda is healed somewhat.
The gnoll hits you from afar with a +0 halberd.
The gnoll hits you but does no damage.
You hit the gnoll bouda.
The gnoll bouda is almost dead.
You slash the gnoll!
The gnoll bouda hits you with a +2 vampiric whip!
The gnoll barely misses you. The gnoll hits you but does no damage.
The gnoll closely misses you.
The gnoll bouda gazes fiercely through you!
You feel as though you will be weak longer.
You block the gnoll bouda's attack. The gnoll hits you but does no damage.
The gnoll hits you from afar with a +0 halberd!
You barely miss the gnoll bouda.
The gnoll bouda is almost dead.
You slash the gnoll!
You kill the gnoll!
You block the gnoll bouda's attack. The gnoll barely misses you. x2
You slash the gnoll bouda!
You kill the gnoll bouda!
The gnoll closely misses you. The gnoll barely misses you.
Your Throwing skill increases to level 1!
The gnoll hits you but does no damage. The gnoll hits you with a +0 halberd!
Things that are here:
a +2 vampiric whip; a +0 robe of resistance; a gnoll corpse You hit the gnoll but do no damage.
The gnoll barely misses you. The gnoll hits you with a +0 halberd.
You slash the gnoll!
The gnoll is almost dead.
The gnoll is no longer moving quickly. x2
The gnoll hits you from afar with a +0 spear.
The gnoll hits you but does no damage. The gnoll barely misses you.
The gnoll hits you from afar with a +0 spear.
You die...

#### ##### .....
##...##...##.....
#.#......#.........
#..#....#..........
#...#..#......#... ...
#....##.....#.#.###...
#....##...............
#...#.##..............
#..#)@##..............
#.#g.g####............ ##..)##
###.......... #.... ##....#.#..
#..#.. ...#...)##)#.. ...#....
#....#. ........)).... ...#...
......# #.####..##..... ......
...... ##.####.###.....
.....#############.##.##.##......


You could see 2 gnolls.

Vanquished Creatures
  A gnoll bouda (D:4)
  An orc priest (D:1)
  4 iguanas
  An orc wizard (D:2)
  7 gnolls
  3 adders
  A worm (D:4)
  A dart slug (D:1)
  11 orcs
  7 ball pythons
  4 bats
  4 endoplasms
  A giant cockroach (D:2)
  5 hobgoblins
  2 jackals (D:4)
  8 kobolds
  4 quokkas
  2 frilled lizards
  4 goblins
  2 rats (D:1)
73 creatures vanquished.

Notes
Turn   | Place    | Note
-------+----------+-------------------------------------------
     0 | D:1      | qw the Gargoyle Fighter began the quest for the Orb.
     0 | D:1      | Reached XP level 1. HP: 14/14 MP: 1/1
     0 | D:1      | 0 ||| qw: Version: 0.2-a-92-g8a84c4b
     0 | D:1      | 0 ||| qw: Game counter: 20
     0 | D:1      | 0 ||| qw: Always use a shield: true
     0 | D:1      | 0 ||| qw: God list: Okawaru
     0 | D:1      | 0 ||| qw: Allow faded altars: false
     0 | D:1      | 0 ||| qw: Do Orc after D:15 true
     0 | D:1      | 0 ||| qw: Do second Lair branch before Depths: true
     0 | D:1      | 0 ||| qw: Lair rune preference: random
     0 | D:1      | 0 ||| qw: Plans: Normal, Zot:1-4, God:TSO, Crypt, Tomb,
                  | Pan, Slime:5, Hells, Abyss, Win
     0 | D:1      | 0 ||| PLANNING D:1-11
    41 | D:1      | Reached skill level 2 in Axes
   166 | D:1      | Reached XP level 2. HP: 14/19 MP: 2/2
   268 | D:1      | 268 ||| DROPPING +0 club.
   372 | D:1      | 372 ||| Stepping ~*~*~tactically~*~*~ (hiding).
   373 | D:1      | 373 ||| Stepping ~*~*~tactically~*~*~ (hiding).
   374 | D:1      | 374 ||| Stepping ~*~*~tactically~*~*~ (hiding).
   375 | D:1      | 375 ||| Stepping ~*~*~tactically~*~*~ (hiding).
   376 | D:1      | 376 ||| Stepping ~*~*~tactically~*~*~ (hiding).
   377 | D:1      | 377 ||| Stepping ~*~*~tactically~*~*~ (hiding).
   378 | D:1      | 378 ||| Stepping ~*~*~tactically~*~*~ (hiding).
   761 | D:1      | 761 ||| READING scroll labelled USCHURHUASODU.
   762 | D:1      | 762 ||| DRINKING 2 fizzy golden potions.
   763 | D:1      | 763 ||| DRINKING 2 inky potions.
   764 | D:1      | 764 ||| DROPPING potion of invisibility.
   821 | D:2      | Reached skill level 3 in Axes
   879 | D:2      | Found a faded altar of an unknown god.
   938 | D:2      | Reached XP level 3. HP: 17/23 MP: 3/3
   988 | D:2      | 988 ||| STAIRDANCE
   990 | D:1      | HP: 1/23 [orc priest/divine providence (12)]
  1087 | D:2      | 1087 ||| STAIRDANCE
  1142 | D:2      | HP: 5/23 [something (3)]
  1146 | D:2      | HP: 2/23 [something (2)]
  1150 | D:2      | 1150 ||| DRINKING potion of curing.
  1150 | D:2      | 1150 ||| (to cure confusion)
  1152 | D:2      | HP: 3/23 [something/magic dart (5)]
  1153 | D:2      | HP: 1/23 [something (2)]
  1159 | D:2      | Reached skill level 4 in Axes
  1159 | D:2      | Reached XP level 4. HP: 2/28 MP: 4/4
  1390 | D:2      | 1390 ||| DROPPING +4 whip.
  1536 | D:2      | 1536 ||| Stepping ~*~*~tactically~*~*~ (stealth).
  1538 | D:2      | 1538 ||| Stepping ~*~*~tactically~*~*~ (stealth).
  1553 | D:2      | Reached XP level 5. HP: 31/32 MP: 5/5
  2018 | D:2      | 2018 ||| UPGRADING to +0 chain mail.
  2028 | D:2      | 2028 ||| DROPPING +0 scale mail.
  2029 | D:2      | 2029 ||| READING scroll labelled LOSA NEKAOSOU.
  2030 | D:2      | 2030 ||| READING scroll labelled ZAR NYAVOE.
  2031 | D:2      | 2031 ||| READING scroll labelled IXTASO ECUPEPT.
  2105 | D:3      | 2105 ||| Stepping ~*~*~tactically~*~*~ (stealth).
  2184 | D:3      | 2184 ||| Stepping ~*~*~tactically~*~*~ (hiding).
  2192 | D:3      | 2192 ||| Stepping ~*~*~tactically~*~*~ (hiding).
  2201 | D:3      | Reached skill level 5 in Axes
  2217 | D:3      | 2217 ||| Stepping ~*~*~tactically~*~*~ (stealth).
  2298 | D:3      | 2298 ||| Stepping ~*~*~tactically~*~*~ (stealth).
  2299 | D:3      | 2299 ||| Stepping ~*~*~tactically~*~*~ (stealth).
  2488 | D:3      | 2488 ||| Stepping ~*~*~tactically~*~*~ (stealth).
  2490 | D:3      | 2490 ||| Stepping ~*~*~tactically~*~*~ (stealth).
  2492 | D:3      | 2492 ||| Stepping ~*~*~tactically~*~*~ (stealth).
  2801 | D:3      | 2801 ||| READING 2 scrolls labelled BURIEZUODIU.
  2802 | D:3      | 2802 ||| READING scroll labelled ZIQ RERUKLOUDE.
  2803 | D:3      | 2803 ||| READING scroll labelled IXAECH QIEMIA.
  2804 | D:3      | 2804 ||| DRINKING 2 purple potions.
  2804 | D:3      | Gained mutation: Your flesh is cold resistant. (rC+)
                  | [potion of mutation]
  2805 | D:3      | 2805 ||| DRINKING 2 white potions.
  2843 | D:4      | 2843 ||| PLANNING OSSUARY
  2871 | D:4      | 2871 ||| Stepping ~*~*~tactically~*~*~ (stealth).
  2885 | D:4      | Reached XP level 6. HP: 38/38 MP: 6/6
  2891 | D:4      | 2891 ||| Stepping ~*~*~tactically~*~*~ (stealth).
  2892 | D:4      | 2892 ||| Stepping ~*~*~tactically~*~*~ (stealth).
  2910 | D:4      | 2910 ||| Stepping ~*~*~tactically~*~*~ (stealth).
  3074 | D:4      | 3074 ||| Stepping ~*~*~tactically~*~*~ (stealth).
  3083 | D:4      | 3083 ||| Stepping ~*~*~tactically~*~*~ (stealth).
  3086 | D:4      | 3086 ||| Stepping ~*~*~tactically~*~*~ (stealth).
  3087 | D:4      | 3087 ||| Stepping ~*~*~tactically~*~*~ (stealth).
  3093 | D:4      | 3093 ||| Stepping ~*~*~tactically~*~*~ (hiding).
  3100 | D:4      | 3100 ||| Stepping ~*~*~tactically~*~*~ (hiding).
  3107 | D:4      | Noticed a black bear
  3108 | D:4      | 3108 ||| Stepping ~*~*~tactically~*~*~ (stealth).
  3129 | D:4      | 3129 ||| Stepping ~*~*~tactically~*~*~ (hiding).
  3141 | D:4      | Reached skill level 1 in Throwing
  3141 | D:4      | HP: 5/38 [gnoll/+0 halberd[a gnoll bouda] (8)]
  3143 | D:4      | HP: 2/38 [gnoll/+0 spear[a gnoll bouda] (2)]
  3143 | D:4      | Slain by a gnoll

Levels and vault maps discovered:
D:1:      co_arrival_square_in_a_square_in_a_square, layout_basic,
          minmay_distorted
D:2:      layout_loops_corners, basic_ecumenical_altar, minivault_25
D:3:      layout_basic, serial_corexii_hall, corexii_hall_statues_i,
          corexii_hall_statues_deadend, grunt_ministairs_5
D:4:      layout_cave_pools, nicolae_qazlal_general_emergency,
          nicolae_ossuary_entry_plus, hangedman_decor_slide_cut

Skill      XL: |  1  2  3  4  5  6 |
---------------+-------------------+-----
Axes           | 2 3 4 5 |  5.7
Fighting       | 4 |  4.0
Throwing       | 1 |  1.1
Armour         | |  3.2
Shields        | |  3.2

Action                     |  1- 3 |  4- 6 || total
---------------------------+-------+-------++-------
  Melee: War axe           |    82 |   133 ||   215
  Throw: Boomerang         |       |    46 ||    46
    Use: Potion            |     3 |     2 ||     5
         Scroll            |     1 |     6 ||     7
 Armour: Scale mail        |    28 |    15 ||    43
         Chain mail        |       |    55 ||    55
  Dodge: Dodged            |    13 |    67 ||    80
  Block: Buckler           |    12 |    29 ||    41

Table legend:
 A = Non-vault XP
 B = Vault XP
 C = Vault XP percentage of total XP
 D = Non-vault monster count
 E = Vault monster count
 F = Vault count percentage of total count
                 A         B        C        D         E       F
            +---------+---------+-------+---------+---------+-------
      Total |     463 |      50 |   9.7 |      70 |       3 |   4.1
            +---------+---------+-------+---------+---------+-------
        D:1 |      70 |       2 |   2.8 |      17 |       1 |   5.6
        D:2 |     107 |       0 |   0.0 |      13 |       0 |   0.0
        D:3 |      72 |      48 |  40.0 |      18 |       2 |  10.0
        D:4 |     214 |       0 |   0.0 |      22 |       0 |   0.0
            +---------+---------+-------+---------+---------+-------
